 Dungeon Crawl Stone Soup version 0.23.2-1-ga50397a (webtiles) character file.

Game seed: 4930746859455726786

6820 whitewolfNL the Grappler (level 10, -14/96 HPs)
             Began as a Troll Berserker on Apr 26, 2019.
             Was a High Priest of Trog.
             Demolished by a wyvern (17 damage)
             ... on level 10 of the Dungeon on Apr 30, 2019.
             The game lasted 00:51:04 (7564 turns).

whitewolfNL the Grappler (Troll Berserker)          Turns: 7564, Time: 00:51:04

Health: -14/96     AC:  9    Str: 27    XL:     10   Next: 77%
Magic:  11/11      EV: 12    Int:  5    God:    Trog [*****.]
Gold:   423        SH:  0    Dex: 12    Spells: 9/9 levels left

rFire    . . .     SeeInvis .     - Unarmed
rCold    . . .     Gourm    +   (no shield)
rNeg     . . .     Faith    .   E - +2 robe {MR+}
rPois    .         Spirit   .   (helmet restricted)
rElec    .         Reflect  .   n - +0 cloak
rCorr    .         Harm     .   (gloves unavailable)
MR       ++...                  (boots unavailable)
Stlth    ++........             a - amulet of the acrobat
HPRegen  0.66/turn              g - +2 ring of intelligence
MPRegen  0.12/turn              (no ring)

@: berserk cooldown, slowed, very slow
A: large, unfitting armour, claws 3, fast metabolism 3, gourmand, magic
resistance 1, regeneration 1, shaggy fur 1, tough skin 3, MP-powered wands
a: Berserk, Trog's Hand, Brothers in Arms, Renounce Religion


You were on level 10 of the Dungeon.
You worshipped Trog.
Trog was extremely pleased with you.
You were not hungry.

You visited 1 branch of the dungeon, and saw 10 of its levels.

You collected 473 gold pieces.
You spent 50 gold pieces at shops.

Inventory:

Hand Weapons
 m - a +0 giant spiked club
 K - a +4 arbalest of flaming
Missiles
 r - 7 tomahawks (quivered)
 s - 2 large rocks
 z - 12 bolts
 B - 3 silver tomahawks
 G - 23 poisoned needles
 I - 2 throwing nets
Armour
 n - a +0 cloak (worn)
 E - a +2 robe of magic resistance (worn)
Jewellery
 a - an amulet of the acrobat (around neck)
 g - a +2 ring of intelligence (left claw)
 q - an uncursed amulet of regeneration
Wands
 e - a wand of digging (2)
 C - a wand of iceblast (7)
 H - a wand of flame (7)
Scrolls
 f - 3 scrolls of magic mapping
 h - 9 scrolls of teleportation
 k - 2 scrolls of enchant weapon {unknown}
 l - 4 scrolls of random uselessness {unknown}
 p - 3 scrolls of remove curse
 t - 2 scrolls of immolation {unknown}
 v - 3 scrolls of enchant armour {unknown}
 w - a scroll of fog {unknown}
 y - 3 scrolls of noise {unknown}
 F - a scroll of fear {unknown}
 L - a scroll of torment {unknown}
Potions
 c - a potion of might {unknown}
 d - 3 potions of flight
 j - 2 potions of lignification
 o - 2 potions of magic {unknown}
 u - 2 potions of mutation
 x - a potion of berserk rage
 A - 2 potions of ambrosia {unknown}
 D - a potion of haste {unknown}
 J - 2 potions of curing {unknown}
Miscellaneous
 N - a crystal ball of energy
 O - a phantom mirror
Comestibles
 b - 16 rations
 i - 7 chunks of flesh


   Skills:
 * Level 5.0 Fighting
 - Level 4.0 Throwing
 * Level 6.2 Dodging
 - Level 2.0 Stealth
 * Level 12.1 Unarmed Combat
 * Level 3.2 Evocations


You had 9 spell levels left.
You didn't know any spells.
Your spell library was empty.

Dungeon Overview and Level Annotations

Branches:
Dungeon (10/15)            Temple (0/1) D:6
   Lair: D:8-11         Orc: D:9-12

Altars:
Ashenzari
Dithmenos
Vehumet
Wu Jian
Xom
Yredelemnul
The Shining One

Shops:
D:7 }

Annotations:
D:8 1 runed translucent door


Innate Abilities, Weirdness & Mutations

You are too large for most types of armour.
You have claws for hands.
Your metabolism is lightning-fast.
You like to eat raw meat.
Your natural rate of healing is unusually fast.
You are covered in fur. (AC +1)
You have extremely tough skin. (AC +3)
You are resistant to hostile enchantments. (MR+)
You expend magic power (3 MP) to strengthen your wands.


Message History

The centaur warrior skeleton is severely damaged.
The wyvern bites you but does no damage.
The centaur warrior skeleton hits you but does no damage.
The wyvern bites you!
* * * LOW HITPOINT WARNING * * *
The centaur warrior skeleton hits you but does no damage.
You claw the centaur warrior skeleton!
The centaur warrior skeleton is almost destroyed.
The wyvern bites you!
* * * LOW HITPOINT WARNING * * *
The centaur warrior skeleton hits you but does no damage.
The wyvern bites you!
* * * LOW HITPOINT WARNING * * *
The centaur warrior skeleton completely misses you.
It was a potion of berserk rage.
You're still recovering from your berserk rage.
The wyvern closely misses you.
The centaur warrior skeleton hits you but does no damage.
The wyvern bites you!
You die...

..... .....
...... #.... #
##....##### .#
..........####..#
................#
.......Zl).....#
......##@.....#
..... ##<(#...#
.... #.(## #.#
.## #..# .# ##)##
#..## ##..##
##.<## ##..#


You could see a wyvern and a centaur warrior skeleton.

Vanquished Creatures
  2 trolls (D:8)
  A meliai (D:8)
  3 hippogriffs
  A human (D:10)
  A warg (D:10)
  2 water moccasins
  A black bear (D:8)
  2 sky beasts
  6 ice beasts
  8 orc warriors
  4 ogres
  2 phantoms
  3 necrophages
  4 centaurs
  2 elf zombies (D:7)
  4 bullfrogs
  A big kobold (D:9)
  3 scorpions
  3 killer bees (D:7)
  3 wights (D:7)
  8 howler monkeys
  A troll skeleton (D:7)
  3 crimson imps
  2 human zombies (D:7)
  A quasit (D:8)
  5 hounds
  Crazy Yiuf (D:2)
  7 orc priests
  A human skeleton (D:7)
  A bullfrog skeleton (D:5)
  Jessica (D:3)
  9 orc wizards
  4 worker ants
  A hound zombie (D:10)
  A mummy (D:7)
  A howler monkey skeleton (D:8)
  4 gnolls (D:6)
  7 adders
  A shadow imp (D:9)
  2 adder zombies
  2 oozes
  2 adder skeletons
  2 worms (D:4)
  A dart slug (D:4)
  A leopard gecko (D:3)
  51 orcs
  A ball python (D:3)
  7 bats
  6 giant cockroaches
  10 goblins
  6 hobgoblins
  12 jackals
  8 quokkas
  4 frilled lizards
  9 kobolds
  A leopard gecko skeleton (D:6)
  A leopard gecko zombie (D:7)
  An orc skeleton (D:7)
  A quokka skeleton (D:7)
  4 rats
247 creatures vanquished.

Notes
Turn   | Place    | Note
-------+----------+-------------------------------------------
     0 | D:1      | whitewolfNL the Troll Berserker began the quest for the
                  | Orb.
     0 | D:1      | Reached XP level 1. HP: 22/22 MP: 0/0
   399 | D:1      | Reached XP level 2. HP: 29/29 MP: 1/1
   910 | D:2      | Found a shadowy altar of Dithmenos.
   945 | D:2      | Found a glowing golden altar of the Shining One.
  1049 | D:2      | Reached XP level 3. HP: 34/36 MP: 2/2
  1099 | D:2      | Found a runed translucent door.
  1100 | D:2      | Noticed Crazy Yiuf
  1106 | D:2      | Killed Crazy Yiuf
  1261 | D:2      | Reached XP level 4. HP: 44/44 MP: 3/3
  1288 | D:2      | Reached skill level 1 in Throwing
  1294 | D:2      | Reached ** piety under Trog
  1658 | D:3      | Reached skill level 4 in Unarmed Combat
  1740 | D:3      | Reached XP level 5. HP: 38/52 MP: 4/4
  2158 | D:3      | Noticed Jessica
  2166 | D:3      | Killed Jessica
  2704 | D:4      | Reached skill level 1 in Stealth
  2753 | D:4      | Reached skill level 5 in Unarmed Combat
  2753 | D:4      | Reached XP level 6. HP: 44/61 MP: 5/5
  2773 | D:4      | Reached *** piety under Trog
  3251 | D:5      | Entered Level 5 of the Dungeon
  3273 | D:5      | Noticed an ice beast
  3279 | D:5      | Killed an ice beast
  3408 | D:5      | Reached XP level 7. HP: 67/67 MP: 6/6
  3449 | D:5      | Gained mutation: You expend magic power (3 MP) to
                  | strengthen your wands. [potion of mutation]
  3449 | D:5      | Gained mutation: You are occasionally teleported next to
                  | monsters. [potion of mutation]
  3449 | D:5      | Lost mutation: You are occasionally teleported next to
                  | monsters. [potion of mutation]
  3449 | D:5      | Gained mutation: You are resistant to hostile enchantments.
                  | (MR+) [potion of mutation]
  3668 | D:5      | Reached skill level 6 in Unarmed Combat
  4120 | D:6      | Found a shimmering altar of Xom.
  4261 | D:6      | Reached skill level 1 in Evocations
  4261 | D:6      | Reached XP level 8. HP: 65/76 MP: 7/7
  4338 | D:6      | Reached skill level 7 in Unarmed Combat
  4390 | D:6      | Reached **** piety under Trog
  4447 | D:6      | Found a staircase to the Ecumenical Temple.
  4794 | D:7      | Reached skill level 8 in Unarmed Combat
  4985 | D:7      | Found a basalt altar of Yredelemnul.
  5031 | D:7      | Reached XP level 9. HP: 60/84 MP: 9/9
  5171 | D:7      | Reached skill level 9 in Unarmed Combat
  5173 | D:7      | Reached skill level 5 in Dodging
  5260 | D:7      | Reached ***** piety under Trog
  5390 | D:7      | Found a radiant altar of Vehumet.
  5421 | D:7      | Found Migeth's Gadget Emporium.
  5428 | D:7      | Bought a wand of flame (8) for 50 gold pieces
  5536 | D:8      | Reached skill level 10 in Unarmed Combat
  5713 | D:8      | Noticed a troll
  5714 | D:8      | Noticed a troll
  5726 | D:8      | Killed a troll
  5726 | D:8      | Reached XP level 10. HP: 94/94 MP: 10/10
  5744 | D:8      | Reached skill level 11 in Unarmed Combat
  6288 | D:8      | Found an ornate altar of the Wu Jian Council.
  6527 | D:8      | Found a runed translucent door.
  6699 | D:8      | Got a warped glaive
  6700 | D:8      | Identified the cursed +1 glaive of Battle {antimagic, +Rage
                  | rN+} (You found it on level 8 of the Dungeon)
  6773 | D:9      | Received a gift from Trog
  6881 | D:9      | Found a shattered altar of Ashenzari.
  7343 | D:10     | Entered Level 10 of the Dungeon
  7536 | D:10     | Reached skill level 5 in Fighting
  7536 | D:10     | Reached skill level 12 in Unarmed Combat
  7563 | D:10     | HP: 2/96 [wyvern (9)]
  7564 | D:10     | Demolished by a wyvern

Skill      XL: |  1  2  3  4  5  6  7  8  9 10 |
---------------+-------------------------------+-----
Throwing       | 1 2 3 4 |  4.0
Dodging        | 3 4 5 6 |  6.2
Unarmed Combat | 4 5 6 8 10 12 | 12.1
Fighting       | 3 4 5 |  5.0
Stealth        | 1 2 |  2.0
Evocations     | 1 2 3 |  3.2

Action                   |  1- 3 |  4- 6 |  7- 9 | 10-12 || total
-------------------------+-------+-------+-------+-------++-------
Melee: Unarmed           |    56 |   154 |   268 |   174 ||   652
       Punch             |     1 |     3 |    14 |     7 ||    25
Invok: Berserk           |     1 |     7 |    10 |     5 ||    23
Evoke: Wand              |       |       |       |     2 ||     2
  Use: Scroll            |       |     5 |     2 |     2 ||     9
       Potion            |       |       |     3 |     1 ||     4
 Stab: Sleeping          |       |     5 |     7 |       ||    12
  Eat: Chunk             |     9 |    32 |    34 |    18 ||    93
Armor: Animal skin       |    10 |       |       |       ||    10
       Skin              |     6 |    42 |       |       ||    48
       Robe              |       |       |    66 |    61 ||   127
Dodge: Dodged            |    23 |    78 |   147 |   141 ||   389
